 Dungeon Crawl Stone Soup version 0.24.0-37-gcf1ca852f1 (webtiles) character file.

Game seed: 5047723111909327954, levelgen mode: deterministic

91 Goreval the Skirmisher (level 4, 0/40 HPs)
             Began as a Minotaur Fighter on Dec 3, 2019.
             Slain by Grinder (6 damage)
             ... while paralysed by Grinder
             ... on level 3 of the Dungeon.
             The game lasted 00:04:03 (2036 turns).

Goreval the Skirmisher (Minotaur Fighter)           Turns: 2036, Time: 00:04:04

Health: 0/40       AC: 13    Str: 22    XL:     4   Next: 34%
Magic:  3/3        EV:  2    Int:  5    God:
Gold:   171        SH:  0    Dex:  9    Spells: 3/3 levels left

rFire    . . .     SeeInvis .   a - +0 flail
rCold    . . .     Gourm    .   n - +0 large shield
rNeg     . . .     Faith    .   i - +0 plate armour
rPois    .         Spirit   .   (helmet restricted)
rElec    .         Reflect  .   p - +0 cloak
rCorr    .         Harm     .   (no gloves)
MR       .....                  (no boots)
Stlth    ..........             (no amulet)
HPRegen  0.13/turn              (no ring)
MPRegen  0.08/turn              (no ring)

@: paralysed
A: retaliatory headbutt, horns 2
a: no special abilities


You were on level 3 of the Dungeon.
You were not hungry.

You visited 1 branch of the dungeon, and saw 3 of its levels.

You collected 171 gold pieces.

Inventory:

Hand Weapons
 a - a +0 flail (weapon)
Missiles
 g - 33 stones (quivered)
Armour
 b - a +0 scale mail
 c - a +0 shield
 i - a +0 plate armour (worn)
 n - a +0 large shield (worn)
 p - a +0 cloak (worn)
Scrolls
 h - 2 scrolls of immolation {unknown}
 j - 2 scrolls of identify {unknown}
 m - 2 scrolls of remove curse {unknown}
 s - a scroll of amnesia {unknown}
Potions
 d - a potion of might
 e - 2 potions of brilliance {unknown}
 k - 3 potions of mutation {unknown}
 l - a potion of curing {unknown}
 o - a potion of heal wounds {unknown}
 r - a potion of flight {unknown}
Comestibles
 f - 8 rations
 q - 3 chunks of flesh


   Skills:
 + Level 4.2 Fighting
 * Level 4.0 Maces & Flails
 + Level 4.2 Armour
 + Level 4.2 Shields


You had 3 spell levels left.
You didn't know any spells.
Your spell library was empty.

Dungeon Overview and Level Annotations

Branches:
Dungeon (3/15)

Altars:

Annotations:
D:3 Grinder


Innate Abilities, Weirdness & Mutations

You reflexively headbutt those who attack you in melee.
You have a pair of horns on your head.


Message History

Pain shoots through your body!
You hit Grinder.
Grinder says, "Mostly I couldn't keep them alive."
You block Grinder's attack.
Grinder says, "Wait up."
Grinder hits you.
* * * LOW HITPOINT WARNING * * *
Unknown command.
Your shield and plate armour prevent you from hitting Grinder.
You headbutt Grinder, but do no damage.
Grinder blinks!
Grinder gestures at you.
You suddenly lose the ability to move!
Grinder gestures at you.
You shrug off the repeated paralysis!
Grinder gestures at you.
You shrug off the repeated paralysis!
Grinder hits you.
* * * LOW HITPOINT WARNING * * *
You writhe in agony.
You die...

... .#.... ..#
#.#?#.# #.#
#.#.#.# ...
##.#.#.## #.#
##.......### #.#
#..#.......
#.####........#
##...†.5....#.#
#.......#.###@#
#.#######...5.#
#.# ####..# #.#
#..... #.#
#.###... #.# #.#
## #.# #.#
#.##########.#
####............#


You could see Grinder.

Vanquished Creatures
  Robin (D:2)
  2 adders (D:2)
  An ooze (D:2)
  A worm (D:2)
  3 dart slugs
  2 ball pythons (D:1)
  6 bats
  10 goblins
  6 hobgoblins
  5 jackals
  3 kobolds
  3 frilled lizards (D:2)
  5 rats
48 creatures vanquished.

Notes
Turn   | Place    | Note
-------+----------+-------------------------------------------
     0 | D:1      | Goreval the Minotaur Fighter began the quest for the Orb.
     0 | D:1      | Reached XP level 1. HP: 19/19 MP: 0/0
   354 | D:1      | Reached XP level 2. HP: 21/27 MP: 1/1
   983 | D:2      | Reached XP level 3. HP: 11/33 MP: 2/2
  1444 | D:2      | Noticed Robin
  1628 | D:2      | Killed Robin
  1628 | D:2      | Reached XP level 4. HP: 40/40 MP: 3/3
  2014 | D:3      | Noticed Grinder
  2033 | D:3      | Paralysed by Grinder for 7 turns
  2036 | D:3      | Slain by Grinder

Levels and vault maps discovered:
D:1:      psy_arrival_dodecagon, layout_loops_cross
D:2:      layout_basic, first_ration, serial_glass, glass_columns_c,
          glass_columns_a, minmay_strange_pillars, item_on_display_a,
          due_unseen_surprise, feat_on_display, uniq_robin
D:3:      layout_loops_ring, kiku_gazebo_garden_becter,
          gammafunk_temple_overflow_wave, uniq_jessica, uniq_grinder,
          uniq_sigmund

Skill      XL: |  1  2  3  4 |
---------------+-------------+-----
Maces & Flails | 3 4 |  4.0
Fighting       | 4 |  4.2
Armour         | 4 |  4.2
Shields        | 4 |  4.2

Action                   |  1- 3 |  4- 6 || total
-------------------------+-------+-------++-------
Melee: Flail             |   106 |    25 ||   131
       Headbutt          |    18 |     6 ||    24
  Eat: Chunk             |     2 |     2 ||     4
Armor: Scale mail        |    32 |       ||    32
       Plate armour      |    17 |     8 ||    25
Dodge: Dodged            |    27 |     2 ||    29
Block: Shield            |    44 |       ||    44
       Large shield      |    24 |    19 ||    43
